 Dungeon Crawl Stone Soup version 0.23.2-1-ga50397a (webtiles) character file.

Game seed: 841182822983048814

70 IBeShadow the Bolt Thrower (level 4, 0/27 HPs)
             Began as a Kobold Hunter on Apr 27, 2019.
             Slain by a jackal (1 damage)
             ... on level 2 of the Dungeon.
             The game lasted 00:03:51 (1416 turns).

IBeShadow the Bolt Thrower (Kobold Hunter)          Turns: 1416, Time: 00:03:51

Health: 0/27       AC:  6    Str:  8    XL:     4   Next: 45%
Magic:  4/4        EV: 20    Int: 12    God:
Gold:   33         SH:  0    Dex: 20    Spells: 3/3 levels left

rFire    . . .     SeeInvis .   j - +1 short sword (holy)
rCold    . . .     Gourm    .   (shield restricted)
rNeg     . . .     Faith    .   l - +1 ring mail
rPois    .         Spirit   .   (no helmet)
rElec    .         Reflect  .   (no cloak)
rCorr    .         Harm     .   (no gloves)
MR       .....                  (no boots)
Stlth    ++........             (no amulet)
HPRegen  0.09/turn              (no ring)
MPRegen  0.09/turn              (no ring)

@: agile, flying
A: small, repulsion field 1, carnivore, weak 1
a: no special abilities


You were on level 2 of the Dungeon.
You were completely stuffed.

You visited 1 branch of the dungeon, and saw 2 of its levels.

You collected 33 gold pieces.

Inventory:

Hand Weapons
 a - a +1 hand crossbow
 b - a +0 short sword
 j - a +1 short sword of holy wrath (weapon)
Missiles
 d - 18 bolts
Armour
 c - a +0 leather armour
 l - a +1 ring mail (worn)
Scrolls
 g - 3 scrolls of identify {unknown}
 h - a scroll of enchant armour
Comestibles
 f - 5 rations


   Skills:
 + Level 2.5 Fighting
 + Level 2.0 Short Blades
 + Level 5.8 Crossbows
 + Level 0.8 Armour
 + Level 2.8 Dodging
 + Level 1.3 Stealth


You had 3 spell levels left.
You didn't know any spells.
Your spell library was empty.

Dungeon Overview and Level Annotations

Branches:
Dungeon (2/15)

Altars:


Innate Abilities, Weirdness & Mutations

You are small and have problems with some larger weapons.
You are carnivorous and can eat meat at any time.
You are surrounded by a mild repulsion field. (EV +2)
You are weak. (Str -2)


Message History

It was a scroll of noise.
You hear a shout!
The jackal closely misses you. The jackal barely misses you. x2
The jackal closely misses you.
As you read the scroll labeled ORHEONEOSS, it crumbles to dust.
You feel aware of your surroundings.
It was a scroll of magic mapping.
The jackal barely misses you. The jackal closely misses you.
The jackal completely misses you. The jackal misses you.
The jackal closely misses you.
As you read the scroll labeled ZIOCYO BENARR, it crumbles to dust.
It is a scroll of enchant armour.
Your +0 ring mail glows green for a moment.
The jackal closely misses you. x3
The jackal bites you but does no damage.
You hit the jackal.
The jackal is severely wounded.
The jackal misses you. The jackal closely misses you.
The jackal barely misses you. The jackal closely misses you.
The jackal bites you.
You die...

,****,*,,,,,,,,************* ,*
*,*,,,,,,...,,,,,,,,,,,* ,*
*,**,,,,,..#**********,*
,****,*#,,***#.# *,*
,,,,,,,>.,,* #.# *,*
*****,*...#**#.### *,*
****,,.....,#.#.#######**,***
**,,,,,.#....#(#h.......,,,,,*
,,,***,......)gh@#************
,,,*,,,......###h#
,,,,,,,.....,,,#.#
,,,*,*,###..)###.###
,,,,,,,,...........############
,,,,,,,....#####..............#
,,,,,,,.,,,,..................#
,,,,,,,,,,,,###......(....#####
****,*****,,#......###.#..#


You could see 3 jackals and a hobgoblin.

Vanquished Creatures
  2 adders (D:2)
  An ooze (D:2)
  A dart slug (D:1)
  A giant cockroach (D:1)
  6 hobgoblins
  8 jackals
  A ball python (D:1)
  2 bats (D:1)
  4 frilled lizards
  4 goblins (D:1)
  9 kobolds
  5 rats
44 creatures vanquished.

Notes
Turn   | Place    | Note
-------+----------+-------------------------------------------
     0 | D:1      | IBeShadow the Kobold Hunter began the quest for the Orb.
     0 | D:1      | Reached XP level 1. HP: 12/12 MP: 1/1
   122 | D:1      | Reached skill level 5 in Crossbows
   160 | D:1      | Reached XP level 2. HP: 17/17 MP: 2/2
   536 | D:1      | Reached XP level 3. HP: 21/21 MP: 3/3
  1041 | D:2      | Reached skill level 1 in Short Blades
  1266 | D:2      | Reached XP level 4. HP: 27/27 MP: 4/4
  1408 | D:2      | HP: 1/27 [jackal (1)]
  1410 | D:2      | Gained mutation: You are weak. (Str -2) [potion of
                  | mutation]
  1410 | D:2      | Gained mutation: You are surrounded by a mild repulsion
                  | field. (EV +2) [potion of mutation]
  1416 | D:2      | Slain by a jackal

Skill      XL: |  1  2  3  4 |
---------------+-------------+-----
Crossbows      | 5 |  5.8
Short Blades   | 1 2 |  2.0
Fighting       | |  2.5
Armour         | |  0.8
Dodging        | |  2.8
Stealth        | |  1.3

Action                   |  1- 3 |  4- 6 || total
-------------------------+-------+-------++-------
Melee: Short sword       |   124 |    48 ||   172
 Fire: Hand crossbow     |    13 |       ||    13
  Use: Scroll            |       |     4 ||     4
       Potion            |       |     3 ||     3
  Eat: Chunk             |     9 |     1 ||    10
Armor: Leather armour    |    13 |       ||    13
       Ring mail         |    35 |    17 ||    52
Dodge: Dodged            |   132 |    83 ||   215
